 Dungeon Sprint DCSS version 0.21.1-1-g345015f (webtiles) character file.

31142 Fang the Peltast (level 13, -1/113 (114) HPs)
             Began as a Minotaur Berserker on Apr 23, 2018.
             Was the Champion of Trog.
             Slain by an alligator snapping turtle (16 damage)
             ... in the Dungeon (Sprint V: "Ziggurat Sprint") on Apr 24, 2018.
             The game lasted 00:20:06 (1766 turns).

Fang the Peltast (Minotaur Berserker)               Turns: 1766, Time: 00:20:07

HP:   -1/113 (114)  AC: 22    Str: 42      XL:     13   Next: 24%
MP:   12/12         EV: 15    Int:  7      God:    Trog [******]
Gold: 0             SH: 30    Dex: 18 (19) Spells: 12/12 levels left

rFire    + . .     SeeInvis .   J - +6 broad axe of Innocence {drain, rC+ Str+4 Int+3}
rCold    + . .     Gourm    .   k - +3 large shield
rNeg     . . .     Faith    .   j - +5 shadow dragon scales
rPois    .         Spirit   .   (helmet restricted)
rElec    +         Reflect  .   v - scarf {cloud immunity}
rCorr    .         Harm     .   (no gloves)
MR       .....     NoTele   +   b - +1 pair of boots of Henotheism {Str+5 Stlth+}
Stlth    +++.......             A - amulet "Luerghyst" {RegenMP *Drain rElec rF+ Dex+9}
HPRegen  0.28/turn              F - +6 ring of strength
MPRegen  0.38/turn              H - ring of flight

@: berserk cooldown, mesmerised, slowed, studying 2 skills, very slow
A: retaliatory headbutt, horns 2, deterioration 1, frail 1
a: Berserk, Trog's Hand, Brothers in Arms, Burn Spellbooks, Renounce Religion,
Evoke Flight


You were in the Dungeon.
You worshipped Trog.
Trog was exalted by your worship.
You were hungry.

You visited 1 branch

Inventory:

Hand Weapons
 m - a +5 demon trident of protection
 J - the +6 broad axe of Innocence (weapon) {drain, rC+ Str+4 Int+3}
   (Trog gifted it to you in the Dungeon)

   A truly terrible weapon, it drains the life of those it strikes.
   It affects your strength (+4).
   It affects your intelligence (+3).
   It protects you from cold.
 N - a +6 antimagic rapier
Armour
 b - the +1 pair of boots of Henotheism (worn) {Str+5 Stlth+}
   (You found it in the Dungeon)

   It affects your strength (+5).
   It makes you more stealthy.
 j - +5 shadow dragon scales (worn)
 k - a +3 large shield (worn)
 v - a scarf of cloud immunity (worn)
Jewellery
 a - a +4 ring of slaying
 l - the ring of Ariweke {rPois MR+ Str+3 Int+3}
   (You took it off a balrug in the Dungeon)

   [ring of protection from magic]

   It affects your strength (+3).
   It affects your intelligence (+3).
   It protects you from poison.
   It affects your resistance to hostile enchantments.
 A - the amulet "Luerghyst" (around neck) {RegenMP *Drain rElec rF+ Dex+9}
   (You found it in the Dungeon)

   [amulet of magic regeneration]

   It increases your magic regeneration.
   It affects your dexterity (+9).
   It protects you from fire.
   It insulates you from electricity.
   It causes draining when unequipped.
 F - a +6 ring of strength (left hand)
 H - a ring of flight (right hand)
Wands
 y - a wand of disintegration (7)
 z - a wand of iceblast (7)
Scrolls
 i - 4 scrolls of blinking
 n - 7 scrolls of fog
 o - a scroll of holy word
 p - 5 scrolls of identify
 q - 5 scrolls of remove curse
 r - 2 scrolls of fear
 E - 4 scrolls of brand weapon
Potions
 d - 10 potions of curing
 e - 14 potions of heal wounds
 f - 10 potions of haste
 g - 7 potions of magic
 h - 3 potions of berserk rage
 s - 2 potions of brilliance
 t - 2 potions of invisibility
 u - 4 potions of resistance
 w - 6 potions of agility
 x - 5 potions of might
Books
 C - a manual of Unarmed Combat
 I - a manual of Short Blades
Miscellaneous
 B - a lamp of fire
 D - 3 sacks of spiders
 K - 2 boxes of beasts
 L - a lamp of fire
Comestibles
 c - 7 rations
 G - 2 chunks of flesh


   Skills:
 + Level 15.5 Fighting
 + Level 16.7(20.2) Axes
 + Level 19.4(21.4) Polearms
 + Level 11.5 Armour
 + Level 8.4 Dodging
 + Level 5.0 Stealth
 + Level 19.7 Shields
 + Level 2.8 Unarmed Combat
 + Level 0.5 Evocations


You had 12 spell levels left.
You didn't know any spells.

Dungeon Overview and Level Annotations

Branches:
Dungeon (1/1)

Altars:
Ashenzari
Cheibriados
Dithmenos
Elyvilon
Fedhas
Gozag
Hepliaklqana
Kikubaaqudgha
Makhleb
Nemelex Xobeh
Okawaru
Qazlal
Ru
Sif Muna
Trog
Uskayaw
Vehumet
Wu Jian
Xom
Yredelemnul
Zin
The Shining One
Beogh
Jiyva
Lugonu


Innate Abilities, Weirdness & Mutations

You reflexively headbutt those who attack you in melee.
You have a pair of horns on your head.
Your body sometimes deteriorates upon taking damage.
You are frail. (-10% HP)


Message History

The merfolk impaler hits you from afar with a trident.
You block the merfolk javelineer's attack.
The merfolk siren chants its luring song.
You block the merfolk javelineer's attack.
The merfolk impaler hits you but does no damage.
You block the merfolk impaler's attack.
The alligator snapping turtle bites you from afar!!
* * * LOW HITPOINT WARNING * * *
You block the merfolk impaler's attack.
The merfolk siren chants its luring song.
The wind drake flaps its wings at you. The air twists around and strikes you!
* * * LOW HITPOINT WARNING * * *
The merfolk javelineer hits you but does no damage.
The merfolk siren chants its luring song.
The merfolk javelineer barely misses you.
The merfolk impaler barely misses you.
The merfolk impaler hits you but does no damage.
The alligator snapping turtle bites you from afar!
You die...

▓...:)≈≈"[.≈▓...©....▓
▓≈...≈≈≈....▓▓▓▓▓▓▓▓▓▓
▓..≈≈..≈≈..≈▓...8©8...
▓....≈....≈.▓...)[=...
▓≈...m≈≈....▓...|||...
▓≈..kmH≈..≈≈▓.........
▓≈.▓mmtm≈▓.≈▓.........
▓..≈)≈≈..≈.≈▓....)....
▓≈...@©m....▓...))....
▓▓▓▓▓▓▓▓▓▓▓▓▓.▓..().▓.
▓....8©8....▓....©)...
▓...}.))....▓▓▓▓▓▓▓▓▓▓
▓...|.)[)...▓...8©8...
▓.....).....▓..|[.|=..
▓...........▓.....)...
▓....†[[....▓...)[....
▓....†)[....▓...).)...


You could see an alligator snapping turtle, 2 merfolk impalers, 2 merfolk
javelineers, a wind drake, a manticore and 2 merfolk sirens.

Vanquished Creatures
  A fire giant (D)
  A balrug (D)
  2 stone giants (D)
  2 ice dragons (D)
  A hydra (D)
  A merfolk aquamancer (D)
  4 two-headed ogres (D)
  A dancing weapon (D)
  An orc high priest (D)
  2 deep elf knights (D)
  3 death drakes (D)
  A sea snake (D)
  A deep elf archer (D)
  2 deep elf magi (D)
  An ugly thing (D)
  A manticore (D)
  A cyclops (D)
  2 shining eyes (D)
  A black mamba (D)
  2 toenail golems (D)
  A naga mage (D)
  A gargoyle (D)
  A komodo dragon (shapeshifter) (D)
  2 rime drakes (D)
  A tormentor (D)
  A red devil (D)
  2 trolls (D)
  A troll (shapeshifter) (D)
  A hornet (shapeshifter) (D)
  3 merfolk (D)
  A wind drake (D)
  2 hippogriffs (D)
  A shadow (D)
  2 wraiths (D)
  A steam dragon (D)
  3 neqoxecs (D)
  4 nagas (D)
  2 acid dragons (D)
  A hell hound (D)
  A floating eye (D)
  A swamp drake (D)
  A porcupine (D)
  An eye of draining (D)
  3 necrophages (D)
  An ogre (D)
  3 earth elementals (D)
  A wight (D)
  A quasit (D)
  2 jellies (D)
  An adder (D)
  An adder skeleton (D)
  An adder zombie (D)
  A ball python (D)
  A bat skeleton (D)
  A bat zombie (D)
  2 jackals (D)
  A ball python zombie (D)
  A giant cockroach zombie (D)
  A jackal zombie (D)
  A leopard gecko skeleton (D)
  A leopard gecko zombie (D)
  A quokka zombie (D)
91 creatures vanquished.

Notes
Turn   | Place    | Note
-------+----------+-------------------------------------------
     0 | D        | Found the +6 Majin-Bo {vamp, Archmagi MP+6 Int+6}
     0 | D        | Found the +7 great mace "Firestarter" {inner flame, rF++}
     0 | D        | Fang the Minotaur Berserker began the quest for the Orb.
     0 | D        | Reached XP level 1. HP: 19/19 MP: 0/0
     3 | D        | Found a blossoming altar of Fedhas.
     5 | D        | Found a viscous altar of Jiyva.
     5 | D        | Found a hazy altar of Hepliaklqana.
     5 | D        | Found a transporter.
     5 | D        | Found an opulent altar of Gozag.
     5 | D        | Found an ancient bone altar of Kikubaaqudgha.
     5 | D        | Found a corrupted altar of Lugonu.
    13 | D        | Found a burning altar of Makhleb.
    14 | D        | Found a stormy altar of Qazlal.
    14 | D        | Found a sacrificial altar of Ru.
    14 | D        | Found an iron altar of Okawaru.
    14 | D        | Found a deep blue altar of Sif Muna.
    14 | D        | Found a sparkling altar of Nemelex Xobeh.
    14 | D        | Found a bloodstained altar of Trog.
    84 | D        | Entered arena 2.
    84 | D        | Noticed a quasit
    84 | D        | Found a transporter.
   105 | D        | Killed a quasit
   105 | D        | Reached skill level 5 in Fighting
   105 | D        | Reached skill level 5 in Axes
   105 | D        | Reached XP level 2. HP: 24/29 MP: 1/1
   105 | D        | Reached XP level 3. HP: 30/36 MP: 2/2
   135 | D        | Entered arena 3.
   135 | D        | Noticed a porcupine
   135 | D        | Found a transporter.
   139 | D        | Reached ** piety under Trog
   142 | D        | Killed a porcupine
   142 | D        | Reached skill level 5 in Shields
   142 | D        | Reached XP level 4. HP: 45/45 MP: 3/3
   165 | D        | Got the +1 pair of boots of Henotheism {Str+5 Stlth+}
   173 | D        | Got the amulet "Luerghyst" {RegenMP *Drain rElec rF+ Dex+9}
   177 | D        | Entered arena 4.
   177 | D        | Noticed a necrophage
   177 | D        | Noticed a necrophage
   177 | D        | Found a transporter.
   182 | D        | Killed a necrophage
   182 | D        | Reached skill level 5 in Armour
   182 | D        | Reached XP level 5. HP: 52/52 MP: 4/4
   186 | D        | Killed a necrophage
   186 | D        | Reached *** piety under Trog
   186 | D        | Reached XP level 6. HP: 61/61 MP: 5/5
   191 | D        | Reached skill level 5 in Polearms
   195 | D        | Reached **** piety under Trog
   205 | D        | Entered arena 5.
   205 | D        | Noticed a floating eye
   205 | D        | Found a transporter.
   207 | D        | Paralysed by a floating eye for 3 turns
   210 | D        | Killed a floating eye
   210 | D        | Reached skill level 5 in Dodging
   215 | D        | Reached XP level 7. HP: 63/68 MP: 1/6
   217 | D        | Reached ***** piety under Trog
   275 | D        | Entered arena 6.
   275 | D        | Found a transporter.
   279 | D        | Reached skill level 1 in Stealth
   279 | D        | Reached skill level 10 in Shields
   284 | D        | Received a gift from Trog
   297 | D        | Entered arena 7.
   297 | D        | Noticed a toenail golem
   297 | D        | Noticed a gargoyle
   297 | D        | Noticed a toenail golem
   299 | D        | Found a transporter.
   303 | D        | Killed a toenail golem
   303 | D        | Reached skill level 10 in Polearms
   306 | D        | Killed a toenail golem
   306 | D        | Reached XP level 8. HP: 75/75 MP: 7/7
   311 | D        | Killed a gargoyle
   329 | D        | Reached ****** piety under Trog
   347 | D        | Entered arena 8.
   347 | D        | Noticed a hippogriff
   347 | D        | Noticed a cyclops
   347 | D        | Noticed a merfolk
   347 | D        | Noticed a merfolk
   347 | D        | Noticed a merfolk
   347 | D        | Noticed a hippogriff
   349 | D        | Found a transporter.
   352 | D        | Killed a hippogriff
   359 | D        | Killed a hippogriff
   359 | D        | Received a gift from Trog
   359 | D        | Reached XP level 9. HP: 82/82 MP: 8/8
   360 | D        | Killed a merfolk
   364 | D        | Killed a cyclops
   366 | D        | Killed a merfolk
   370 | D        | Killed a merfolk
   370 | D        | Reached skill level 15 in Polearms
   387 | D        | Got the amulet "Ebon" {Harm *Drain rC+ MR+ Int-4}
   410 | D        | Entered arena 9.
   410 | D        | Noticed a deep elf knight
   410 | D        | Noticed a deep elf archer
   410 | D        | Noticed a deep elf knight
   410 | D        | Noticed a deep elf mage
   410 | D        | Noticed an orc high priest
   410 | D        | Noticed a vampiric hand axe
   410 | D        | Noticed a deep elf mage
   412 | D        | Found a transporter.
   414 | D        | Killed a vampiric hand axe
   414 | D        | Received a gift from Trog
   417 | D        | Noticed a smoke demon
   417 | D        | Noticed a smoke demon
   418 | D        | Killed a deep elf mage
   418 | D        | Reached XP level 10. HP: 93/93 MP: 9/9
   419 | D        | Noticed a rust devil
   419 | D        | Noticed a sixfirhy
   422 | D        | Killed a deep elf knight
   422 | D        | Reached skill level 10 in Fighting
   424 | D        | Killed a deep elf mage
   427 | D        | Killed a deep elf archer
   442 | D        | Killed a deep elf knight
   442 | D        | Received a gift from Trog
   442 | D        | Reached skill level 15 in Shields
   447 | D        | Killed an orc high priest
   471 | D        | Reached XP level 11. HP: 59/102 MP: 10/10
   630 | D        | Entered arena 10.
   631 | D        | Found a transporter.
   644 | D        | Received a gift from Trog
   672 | D        | Got the cursed ring of Angaics {+Inv +Fly rElec MR+ Str-3}
   925 | D        | Entered arena 11.
   925 | D        | Noticed an orb spider
   925 | D        | Noticed a white ugly thing
   925 | D        | Noticed a shining eye
   925 | D        | Noticed a shining eye
   925 | D        | Noticed an orb spider
   926 | D        | an orb spider changed into a troll
   927 | D        | Found a transporter.
   935 | D        | Killed a shining eye
   938 | D        | Killed a white ugly thing
   938 | D        | Reached XP level 12. HP: 112/112 MP: 11/11
   942 | D        | Received a gift from Trog
   945 | D        | Gained mutation: Your body sometimes deteriorates upon taking damage. [a shining eye]
   947 | D        | Reached skill level 10 in Armour
   947 | D        | Gained mutation: You are frail. (-10% HP) [a neqoxec]
   996 | D        | Got an ivory broad axe {god gift}
   997 | D        | Identified the +6 broad axe of Innocence {drain, rC+ Str+4 Int+3} (Trog gifted it to you in the Dungeon)
  1017 | D        | Entered arena 12.
  1017 | D        | Noticed a two-headed ogre
  1017 | D        | Noticed a two-headed ogre
  1017 | D        | Noticed a stone giant
  1017 | D        | Noticed a stone giant
  1018 | D        | Noticed a fire giant
  1018 | D        | Noticed a two-headed ogre
  1018 | D        | Noticed a two-headed ogre
  1019 | D        | Found a transporter.
  1022 | D        | Killed a two-headed ogre
  1025 | D        | Killed a two-headed ogre
  1027 | D        | Killed a stone giant
  1027 | D        | Received a gift from Trog
  1027 | D        | Killed a two-headed ogre
  1028 | D        | Killed a two-headed ogre
  1028 | D        | Reached skill level 10 in Axes
  1032 | D        | Killed a fire giant
  1032 | D        | Received a gift from Trog
  1033 | D        | Killed a stone giant
  1033 | D        | Reached skill level 5 in Stealth
  1196 | D        | Entered arena 13.
  1197 | D        | Noticed a balrug
  1198 | D        | Found a transporter.
  1210 | D        | Killed a balrug
  1210 | D        | Received a gift from Trog
  1218 | D        | Got the ring of Ariweke {rPois MR+ Str+3 Int+3}
  1568 | D        | Entered arena 14.
  1569 | D        | Noticed a four-headed hydra
  1570 | D        | Noticed an ice dragon
  1570 | D        | Noticed an ice dragon
  1571 | D        | Found a transporter.
  1579 | D        | Received a gift from Trog
  1583 | D        | Killed an ice dragon
  1583 | D        | Reached XP level 13. HP: 111/111 MP: 12/12
  1584 | D        | Reached skill level 15 in Axes
  1585 | D        | Reached skill level 15 in Fighting
  1613 | D        | Received a gift from Trog
  1736 | D        | Entered arena 15.
  1737 | D        | Noticed a merfolk javelineer
  1737 | D        | Noticed a merfolk impaler
  1738 | D        | Noticed a merfolk impaler
  1738 | D        | Noticed a merfolk javelineer
  1766 | D        | Slain by an alligator snapping turtle

Skill      XL: |  1  2  3  4  5  6  7  8  9 10 11 12 13 |
---------------+----------------------------------------+-----
Fighting       | 5 6 7 8 9 11 12 14 15 | 15.5
Axes           | 5 6 7 8 14 16 | 16.7
Armour         | 3 4 5 6 7 8 9 11 | 11.5
Dodging        | 3 4 5 6 7 8 |  8.4
Shields        | 3 5 7 8 9 11 12 14 15 16 19 | 19.7
Polearms       | 2 3 4 7 11 13 16 18 19 | 19.4
Stealth        | 2 3 4 5 |  5.0
Unarmed Combat | 2 |  2.8
Evocations     | |  0.5

Action                   |  1- 3 |  4- 6 |  7- 9 | 10-12 | 13-15 || total
-------------------------+-------+-------+-------+-------+-------++-------
Melee: Demon trident     |    26 |    17 |    57 |    73 |       ||   173
       Headbutt          |     4 |     3 |    11 |    32 |     8 ||    58
       Broad axe         |       |       |       |    37 |    28 ||    65
Invok: Berserk           |     1 |       |     3 |     3 |     1 ||     8
       Burn Spellbooks   |       |     1 |     2 |     2 |     1 ||     6
Evoke: Lamp of fire      |       |       |       |       |     1 ||     1
  Use: Scroll            |       |       |     1 |       |       ||     1
       Potion            |       |       |       |     1 |       ||     1
 Stab: Sleeping          |       |     1 |       |       |       ||     1
  Eat: Chunk             |       |       |     2 |     5 |     2 ||     9
Armor: Shadow dragon sca |    57 |     2 |     9 |    27 |    11 ||   106
Dodge: Dodged            |    18 |     5 |     6 |    27 |    21 ||    77
Block: Large shield      |    54 |    12 |    38 |   141 |    72 ||   317
